 Dungeon Crawl Stone Soup version 0.31-a0-7-g51783674b7 (webtiles) character file.

Game seed: 4151187838521913846

8513 jimonade the Carver (level 11, -37/82 HPs)
             Began as a Djinni Monk on May 5, 2023.
             Was a Follower of Ashenzari.
             Annihilated by Fannar
             ... wielding a staff of cold
              (52 damage)
             ... on level 10 of the Dungeon.
             The game lasted 00:33:38 (10783 turns).

jimonade the Carver (Djinni Monk)                  Turns: 10783, Time: 00:33:38

Health: -37/82     AC:  8    Str: 20    XL:     11   Next: 57%
Gold:   541        EV: 17    Int: 11    God:    Ashenzari [*.....] SH:  0 Dex: 23

rFire   + + .        a - +3 long sword (freeze)
rCold   x . .        d - orb {light}
rNeg    . . .        e - +0 troll leather armour
rPois   ∞            K - +0 helmet of the Unyielding Gaze {Self, Evo} (curse)
rElec   +            (no cloak)
rCorr   .            q - +1 pair of gloves {Stlth+}
SInv    .            (boots unavailable)
Will    ++...        (no amulet)
Stlth   +            j - ring "Bitterness of Ashenzari" {Dex+6, Self, Range} (curse)
HPRegen 1.13/turn    f - ring "Nedij" {rElec Will+ Str+6}
MPRegen 0.00/turn

%: infuse magic (-38 HP)
@: flying, glowing
A: sickness immunity, fire resistance 2, cold vulnerability 1, float, innate
caster, HP casting, extra vitality 1
a: Renounce Religion, Curse Item, Shatter the Chains


You were on level 10 of the Dungeon.
You worshipped Ashenzari.
Ashenzari was aware of your devotion.
You visited 2 branches of the dungeon, and saw 11 of its levels.

You collected 541 gold pieces.

Inventory:

Hand Weapons
 a - a +3 long sword of freezing (weapon)
 b - a +2 dagger of venom
 k - a +2 falchion of protection
 B - a +0 short sword
 N - a +0 rapier
 O - a +0 long sword
 Y - the +7 lajatang of Wamuawod {protect, rCorr}
   (You found it on level 7 of the Dungeon)

   rCorr:     It protects you from acid and corrosion.
Missiles
 h - 18 boomerangs
 H - 2 boomerangs of dispersal
 W - 11 poisoned darts
Armour
 d - an orb of light (worn)
 e - a +0 troll leather armour (worn)
 q - a +1 pair of gloves of stealth (worn)
 s - a +0 plate armour
 v - a +0 tower shield
 A - a +0 kite shield
 F - +0 steam dragon scales
 I - a +0 chain mail
 K - the cursed +0 helmet of the Unyielding Gaze (worn) {Self, Evo}
   (You found it on level 5 of the Dungeon)

   It has a curse which improves the following skills: Introspection: Fighting
   and Spellcasting.
   Evocations: Evocations.
Jewellery
 f - the ring "Nedij" (right hand) {rElec Will+ Str+6}
   (You acquired it on level 9 of the Dungeon)

   [ring of strength]

   Str:       It affects your strength (+6).
   rElec:     It insulates you from electricity.
   Will:      It increases your willpower.
 j - the cursed ring "Bitterness of Ashenzari" (left hand) {Dex+6, Self, Range}
   (You found it on level 1 of the Dungeon)

   [ring of dexterity]

   Dex:       It affects your dexterity (+6).
   It has a curse which improves the following skills: Introspection: Fighting
   and Spellcasting.
   Ranged Combat: Ranged Weapons and Throwing.
 P - a +6 ring of intelligence
 S - a +6 ring of intelligence
Wands
 g - a wand of flame (14)
 M - a wand of paralysis (7)
 T - a wand of light (4)
Scrolls
 p - 6 scrolls of teleportation
 w - 2 scrolls of enchant armour
 x - a scroll of brand weapon
 y - 2 scrolls of fog
 z - 3 scrolls of poison
 C - a scroll of torment
 D - 3 scrolls of magic mapping
 E - 4 scrolls of amnesia
 L - 3 scrolls of blinking
 R - 4 scrolls of identify
Potions
 c - 2 potions of ambrosia
 i - a potion of brilliance
 m - 2 potions of mutation
 n - 3 potions of resistance
 o - a potion of degeneration
 r - 8 potions of heal wounds
 t - 3 potions of curing
 u - 2 potions of lignification
 G - a potion of invisibility
 J - a potion of magic
 Q - a potion of haste
 U - a potion of flight
 V - a potion of berserk rage
 X - a potion of experience


   Skills:
 + Level 7.3(8.6) Fighting
 + Level 9.7 Long Blades
 - Level 2.1 Staves
 + Level 6.3 Armour
 + Level 7.6 Dodging
 * Level 3.3 Shields
 * Level 5.4(6.6) Spellcasting


You knew the following spells:

 Your Spells              Type           Power      Damage    Failure   Level
a - Magic Dart            Conj           72%        1d6       1%          1
b - Poisonous Vapours     Pois/Air       36%        N/A       1%          2
c - Vampiric Draining     Necr           18%        2d7       4%          3
d - Fulminant Prism       Conj/Hex       9%         3d6       14%         4
e - Irradiate             Conj/Tmut      9%         3d14      36%         5
Your spell library was empty.

Dungeon Overview and Level Annotations

Branches:
Dungeon (10/15)            Temple (1/1) D:6             Orc (0/2) D:9
   Lair: D:8-11

Altars:
Ashenzari
Cheibriados
Dithmenos
Elyvilon
Fedhas
Gozag
Hepliaklqana
Makhleb
Nemelex Xobeh
Okawaru
Qazlal
Ru
Trog
Uskayaw
Wu Jian
Xom
Yredelemnul
Zin
The Shining One

Shops:
D:4 =

Annotations:
D:5 2 transporters
D:7 3 runed translucent doors, BubbleThief's ghost, novice NaCA; Dittersdorf's ghost, novice GrFi; qdestroyer's ghost, novice MiFi; retardedninja's ghost, novice GnFE
D:9 exclusion: downstairs
D:10 Fannar


Innate Abilities, Weirdness & Mutations

You are immune to sickness and miasma.
You are immune to poison.
Your flesh is very heat resistant. (rF++)
You are vulnerable to cold. (rC-)
You float through the air rather than walking.
You learn spells naturally, not from books.
Your magical power is your life essence.
You have superior vitality. (+4 MHP)


Message History

Casting: Poisonous Vapours (safe; 1% risk of failure)
Confirm with . or Enter, or press ? or * to list all spells.
Aiming: Poisonous Vapours (safe; 1% risk of failure)
Press: ? - help, Dir - move target, f/p - Fannar
Aim: Fannar, wielding a staff of cold and wearing a +1 robe of cold resistance (lightly wounded, spells empowered, very poisoned) Poisonous vapours surround Fannar!
Fannar looks as sick as possible!
Casting: Poisonous Vapours (safe; 1% risk of failure)
Confirm with . or Enter, or press ? or * to list all spells.
Aiming: Poisonous Vapours (safe; 1% risk of failure)
Press: ? - help, Dir - move target, f/p - Fannar
Aim: Fannar, wielding a staff of cold and wearing a +1 robe of cold resistance (lightly wounded, spells empowered, extremely poisoned) Poisonous vapours surround Fannar!
Fannar looks as sick as possible!
Casting: Poisonous Vapours (safe; 1% risk of failure)
Confirm with . or Enter, or press ? or * to list all spells.
Aiming: Poisonous Vapours (safe; 1% risk of failure)
Press: ? - help, Dir - move target, f/p - Fannar
Aim: Fannar, wielding a staff of cold and wearing a +1 robe of cold resistance (lightly wounded, spells empowered, extremely poisoned) Poisonous vapours surround Fannar!
Fannar looks as sick as possible!
Fannar gestures wildly while chanting.
Casting: Poisonous Vapours (safe; 1% risk of failure)
Confirm with . or Enter, or press ? or * to list all spells.
Aiming: Poisonous Vapours (safe; 1% risk of failure)
Press: ? - help, Dir - move target, f/p - Fannar
Aim: Fannar, wielding a staff of cold and wearing a +1 robe of cold resistance (lightly wounded, spells empowered, extremely poisoned) Poisonous vapours surround Fannar!
Fannar looks as sick as possible!
Fannar casts a spell.
Fannar drains the heat from the surrounding environment!
You feel a terrible chill! Fannar gestures at you while chanting.
The bolt of cold hits you!!!
You feel a terrible chill!
Ouch! That really hurt!
* * * LOW HITPOINT WARNING * * *
Fannar glares icily.
Fannar says, "Freeze!"
Fannar mumbles some strange words.
Fannar casts a spell.
Fannar drains the heat from the surrounding environment!
You feel a terrible chill!
Ouch! That really hurt!
You die...

.. . ## ##. ... #.. ###########
..##.# #####..........
...#####.............# ...
#.#.@...#............ ..
#...#####............ ..
###.#######.....<...(.. #.
#Y.....>..............# #..
#e.......####...#....##
######.####.......###....#..####
..................# #.#....##
.#####..##.......#.h.#.####
............##.....#.....#


You could see Fannar (empowered, very poisoned) and an ice beast (summoned).

Vanquished Creatures
  An unseen horror (D:7)
  Grinder (D:3)
  A troll (D:9)
  22 yaks
  3 wyverns
  2 steam dragons (D:7)
  Grum (D:10)
  Menkaure (D:5)
  2 acid dragons
  2 water moccasins
  2 orc warriors
  3 black bears
  2 sky beasts (D:7)
  3 ice beasts
  4 wolves (D:9)
  3 ogres
  2 phantoms
  2 centaurs
  A kobold brigand (D:9)
  2 scorpions (D:5)
  2 bullfrogs
  A gnoll sergeant (D:8)
  2 wights (D:7)
  4 howler monkeys
  A jelly (D:6)
  2 orc priests
  6 hounds
  2 gnoll boudas (D:7)
  An iron imp (D:6)
  2 sleepcaps
  2 iguanas
  3 orc wizards
  18 gnolls
  6 adders
  3 shadow imps
  3 white imps
  An ufetubus (D:6)
  2 dart slugs
  25 orcs
  4 endoplasms
  2 giant cockroaches (D:3)
  15 goblins
  6 hobgoblins
  10 kobolds
  8 ball pythons
  5 bats
  4 frilled lizards
  4 rats
204 creatures vanquished.

Vanquished Creatures (others)
  An orc wizard (D:5)
  A gnoll (D:10)
  A worm (D:5)
  10 plants (D:2)
  2 withered plants (D:7)
15 creatures vanquished.

Grand Total: 219 creatures vanquished

Notes
Turn   | Place    | Note
-------+----------+-------------------------------------------
     0 | D:1      | jimonade the Djinni Monk began the quest for the Orb.
     0 | D:1      | Reached XP level 1. HP: 20/20 MP: 0/0
   105 | D:1      | Reached XP level 2. HP: 24/25 MP: 0/0
   361 | D:1      | Reached skill level 3 in Long Blades
   985 | D:2      | Reached XP level 3. HP: 30/30 MP: 0/0
   985 | D:2      | Learned a level 1 spell: Magic Dart
  1218 | D:2      | Found a glowing golden altar of the Shining One.
  2016 | D:3      | Reached XP level 4. HP: 25/35 MP: 0/0
  2080 | D:3      | Noticed Grinder
  2281 | D:4      | Reached skill level 1 in Spellcasting
  2403 | D:4      | Found a hazy altar of Hepliaklqana.
  2567 | D:4      | Reached skill level 1 in Armour
  2567 | D:4      | Reached XP level 5. HP: 39/40 MP: 0/0
  2567 | D:4      | Learned a level 2 spell: Poisonous Vapours
  2683 | D:4      | Found a glowing silver altar of Zin.
  2808 | D:4      | Found Fucluigo's Jewellery Shoppe.
  2857 | D:4      | Found an opulent altar of Gozag.
  3185 | D:5      | Entered Level 5 of the Dungeon
  3262 | D:5      | Found a glowing golden altar of the Shining One.
  3283 | D:5      | Noticed a phantom
  3300 | D:5      | Killed a phantom
  3301 | D:5      | Reached skill level 4 in Long Blades
  3301 | D:5      | Reached XP level 6. HP: 44/46 MP: 0/0
  3739 | D:5      | Reached XP level 7. HP: 51/51 MP: 0/0
  3739 | D:5      | Learned a level 3 spell: Vampiric Draining
  3882 | D:5      | Found a transporter.
  3946 | D:5      | Reached skill level 5 in Long Blades
  4026 | D:5      | Found a transporter.
  4147 | D:5      | Noticed Menkaure
  4451 | D:6      | Found a burning altar of Makhleb.
  4487 | D:6      | Found a staircase to the Ecumenical Temple.
  4506 | D:6      | Reached XP level 8. HP: 47/58 MP: 0/0
  4511 | Temple   | Entered the Ecumenical Temple
  4733 | D:6      | Identified the +1 pair of boots "Riraosho" {rF+++}
  4752 | D:6      | Found a white marble altar of Elyvilon.
  4775 | D:6      | Found a blossoming altar of Fedhas.
  5128 | D:6      | Found a snail-covered altar of Cheibriados.
  5205 | D:6      | Upgraded the game from 0.31-a0-4-gefa6de2278 to
                  | 0.31-a0-7-g51783674b7
  5411 | D:7      | Identified the +7 lajatang of Wamuawod {protect, rCorr}
  5477 | D:7      | Found a runed translucent gate.
  5494 | D:7      | Found a runed translucent gate.
  5494 | D:7      | Found a runed translucent gate.
  5495 | D:7      | Noticed qdestroyer's ghost (novice MiFi)
  5495 | D:7      | Noticed retardedninja's ghost (novice GnFE)
  5495 | D:7      | Noticed BubbleThief's ghost (novice NaCA)
  5495 | D:7      | Noticed Dittersdorf's ghost (novice GrFi)
  5567 | D:7      | Reached skill level 5 in Dodging
  5779 | D:7      | Reached skill level 1 in Staves
  5792 | D:7      | Reached skill level 5 in Fighting
  5796 | D:7      | Reached XP level 9. HP: 46/65 MP: 0/0
  5796 | D:7      | Learned a level 4 spell: Fulminant Prism
  6145 | D:7      | Found a sparkling altar of Nemelex Xobeh.
  6283 | D:7      | Found a shimmering altar of Xom.
  6286 | D:7      | Found a shimmering altar of Xom.
  6286 | D:7      | Found a shimmering altar of Xom.
  6286 | D:7      | Found a shimmering altar of Xom.
  6309 | D:7      | Reached skill level 6 in Long Blades
  6318 | D:7      | Reached skill level 5 in Armour
  6483 | D:7      | Reached skill level 7 in Long Blades
  6585 | D:7      | Reached XP level 10. HP: 40/72 MP: 0/0
  6806 | D:7      | Noticed an unseen horror
  6828 | D:7      | Killed an unseen horror
  7594 | D:8      | Found a broken altar of Ashenzari.
  7603 | D:8      | Became a worshipper of Ashenzari the Shackled
  7638 | D:8      | Reached skill level 8 in Long Blades
  7723 | D:8      | Reached * piety under Ashenzari
  7723 | D:8      | Identified a scroll of acquirement
  8008 | D:8      | Found a sacrificial altar of Ru.
  8026 | D:8      | Found a stormy altar of Qazlal.
  8033 | D:8      | Identified the Omnibus of Ouranomancy and Oromancy
  8763 | D:9      | Acquired the ring "Nedij" {rElec Will+ Str+6}
  8942 | D:9      | Found an ornate altar of the Wu Jian Council.
  9143 | D:9      | Found a staircase to the Orcish Mines.
  9171 | D:9      | Identified the +2 arbalest of Instant Death {antimagic, rN+
                  | Str-5 Int+5}
  9207 | D:10     | Entered Level 10 of the Dungeon
  9207 | D:10     | Noticed a gargoyle
  9548 | D:3      | Reached skill level 1 in Shields
  9569 | D:3      | Killed Grinder
  9692 | D:5      | Killed Menkaure
  9705 | D:5      | Reached XP level 11. HP: 81/81 MP: 0/0
  9705 | D:5      | Learned a level 5 spell: Irradiate
  9993 | D:7      | Identified the +2 arbalest of Instant Death {antimagic, rN+
                  | Str-5 Int+5}
 10154 | D:9      | Reached skill level 5 in Spellcasting
 10164 | D:9      | Reached skill level 9 in Long Blades
 10395 | D:10     | Noticed Grum
 10679 | D:10     | Killed Grum
 10768 | D:10     | Noticed Fannar
 10783 | D:10     | Annihilated by Fannar

Illustrated notes

Levels and vault maps discovered:
D:1:      wander_arrival_desolate, layout_loops_ring, dk_noncrumbling_4
D:2:      layout_loops_ring, serial_forest, infiniplex_forest_end_1,
          infiniplex_forest_pool, infiniplex_forest_diagonal,
          infiniplex_forest_clump_C, infiniplex_forest_lined_room_3,
          infiniplex_forest_end_3, infiniplex_forest_clump_tiny, basic_altar,
          minmay_goblin_outpost
D:3:      layout_rooms, serial_glass, glass_columns_c, glass_columns_c,
          glass_columns_c, kennysheep_generic_room_11, uniq_grinder
D:4:      layout_loops_corners, general_overflow_altar,
          nicolae_hepliaklqana_hippocampus, kennysheep_mini_moat, serial_shops,
          nicolae_shop_tiny_glass
D:5:      gammafunk_cloud_chamber, layout_rooms, marbit_many_paths,
          st_stairs_14, kennysheep_generic_room_16, uniq_menkaure
D:6:      layout_loops_corners, fedhas_altar_fruit_tree, slow_altar_2,
          bloody_makhleb, overflow_temple_1_default,
          minmay_temple_entry_statues_pillars
D:7:      minmay_chambers_of_fours, layout_loops_cross,
          nemelex_dance_club_becter, xom_redecorated, gammafunk_ghost_cemetery,
          st_stairs_1, serial_park_tiny_pond
D:8:      layout_rooms, nicolae_ru_awakened_eye, nicolae_overflow_crystal_walls,
          mainiacjoe_overflow_small_starburst
D:9:      layout_basic, kennysheep_mini, orc_0_dummy
D:10:     layout_rooms, nicolae_kikubaaqudgha_miasma_corner,
          fiery_altar_vehumet, hellmonk_lair_entry_icy, pond, uniq_fannar,
          uniq_grum
Temple:   hellmonk_temple_micro_hex

Skill      XL: |  1  2  3  4  5  6  7  8  9 10 11 |
---------------+----------------------------------+-----
Long Blades    | 3 4 5 7 8 9 |  9.7
Spellcasting   | 1 2 3 4 5 |  5.4
Armour         | 1 2 3 4 5 6 |  6.3
Dodging        | 4 5 6 7 |  7.6
Fighting       | 4 5 6 7 |  7.3
Staves         | 1 2 |  2.1
Shields        | 1 3 |  3.3

Action                     |  1- 3 |  4- 6 |  7- 9 | 10-12 || total
---------------------------+-------+-------+-------+-------++-------
  Melee: Falchion          |   105 |    62 |    84 |    27 ||   278
         Dagger            |       |    50 |    97 |    10 ||   157
         Long sword        |       |       |    62 |   269 ||   331
   Cast: Poisonous Vapours |       |       |       |    22 ||    22
 Invoke: Curse Item        |       |       |       |     2 ||     2
    Use: Scroll            |       |     6 |     3 |     1 ||    10
   Stab: Sleeping          |       |       |     1 |     1 ||     2
 Armour: Ring mail         |    12 |       |    38 |    19 ||    69
         Leather armour    |    11 |    23 |    27 |       ||    61
         Steam dragon scal |       |       |       |    15 ||    15
         Troll leather arm |       |       |       |    35 ||    35
  Dodge: Dodged            |    48 |    66 |   173 |   284 ||   571

Table legend: (Time is in decaauts)
 A = Elapsed time spent in this place.
 B = Non-inter-level travel time spent in this place.
 C = Inter-level travel time spent in this place.
 D = Time resting spent in this place.
 E = Time spent auto-exploring this place.
 F = Levels seen in this place.
 G = Mean time per level.
                   A        B        C        D        E       F      G
               +--------+--------+--------+--------+--------+-----+--------+
         Total |  10778 |   9916 |    862 |    952 |   5949 |  11 |  979.8 |
       Dungeon |  10738 |   9876 |    862 |    952 |   5918 |  10 | 1073.8 |
        Temple |     39 |     39 |      0 |      0 |     31 |   1 |   39.0 |
               +--------+--------+--------+--------+--------+-----+--------+

Top non-repeatable levels by time:
     D:7: 2303 daAuts
     D:9: 1473 daAuts
     D:6: 1192 daAuts
     D:5: 1151 daAuts
     D:2: 1049 daAuts
     D:4: 1047 daAuts
     D:8: 886 daAuts
     D:1: 819 daAuts
     D:3: 504 daAuts
    D:10: 312 daAuts
  Temple: 39 daAuts
